 Dungeon Crawl Stone Soup version 0.19.0-20-gbc5f0c6 (webtiles) character file.

58 Malachi the Grave Robber (level 3, -29/24 HPs)
             Began as a Demonspawn Necromancer on Nov 17, 2016.
             Killed from afar by a goblin (32 damage)
             ... with an exploding inner flame
             ... led by Robin
             ... hexed by the player character
             ... on level 2 of the Dungeon.
             The game lasted 00:03:31 (2947 turns).

Malachi the Grave Robber (Demonspawn Necromancer)   Turns: 2947, Time: 00:03:31

Health: -29/24     AC:  2    Str:  6 (8)  XL:     3   Next: 75%
Magic:  0/7        EV: 13    Int: 15 (17) God:
Gold:   174        SH:  0    Dex: 18 (19) Spells: 2 memorised, 3 levels left

rFire  . . .     SeeInvis .     i - +0 short sword
rCold  . . .     Gourm    .     a - +0 robe
rNeg   . . .     Faith    +     (no shield)
rPois  .         Spirit   .     (no helmet)
rElec  .         Reflect  .     (no cloak)
rCorr  .         Harm     .     (no gloves)
MR     .....                    (no boots)
Stlth  ++........               e - amulet of faith
                                (no ring)
                                f - +6 ring of dexterity

@: no status effects
A: rot immunity
a: no special abilities


You were on level 2 of the Dungeon.
You were hungry.

You visited 1 branch of the dungeon, and saw 3 of its levels.

You collected 174 gold pieces.

Inventory:

Hand Weapons
 i - a +0 short sword (weapon)
Armour
 a - a +0 robe (worn)
 d - a cursed +0 plate armour
Jewellery
 e - an amulet of faith (around neck)
 f - a +6 ring of dexterity (left hand)
Scrolls
 l - a scroll of recharging {unknown}
Books
 b - a book of Necromancy

   Spells                             Type                      Level
   a - Pain                           Necromancy                   1
   b - Animate Skeleton               Necromancy                   1
   c - Vampiric Draining              Necromancy                   3
   d - Regeneration                   Charms/Necromancy            3
   e - Animate Dead                   Necromancy                   4
   f - Control Undead                 Necromancy                   4
Comestibles
 c - a bread ration
 g - 3 chunks of flesh
 h - 2 royal jellies


   Skills:
 + Level 0.2 Fighting
 + Level 0.3 Short Blades
 + Level 2.0 Dodging
 + Level 2.2 Stealth
 + Level 2.6 Spellcasting
 + Level 5.0 Necromancy


You had 3 spell levels left.
You knew the following spells:

 Your Spells              Type           Power        Failure   Level  Hunger
a - Pain                  Necr           ###.         2%          1    #......
b - Vampiric Draining     Necr           ###.......   10%         3    ###....


Dungeon Overview and Level Annotations

Branches:
Dungeon (3/15)

Altars:

Annotations:
D:2 Robin


Innate Abilities, Weirdness & Mutations

You are immune to rotting.


Message History

Unknown command.
It was a potion of degeneration.
There was something very wrong with that liquid.
You feel weakened.
You feel dopey.
You feel clumsy. The goblin hits you but does no damage.
Robin throws the goblin at you!
The goblin unwields an uncursed hunting sling.
The goblin wields an uncursed dagger.
The goblin hits you with an uncursed dagger.
* * * LOW HITPOINT WARNING * * *
Casting: Pain
Confirm with . or Enter, or press ? or * to list all spells.
Aiming: Pain
Press: ? - help, Shift-Dir - straight line, f/p - goblin
Aim: a goblin, wielding a dagger (unusually strong, inner flame, chance to defeat MR: 87%)
The goblin writhes in agony!
The goblin explodes!
The fiery explosion engulfs you!
Ouch! That really hurt!
You die...

#### ..# #ยง# #@# #g# # ##+# #(#
.# ##...## ####g### #####.#
##.....#####...g(.# #......
##.......#.......#.# #.#.#.#
#.........(......#.########.....#
+......................g(g(g.....
............#....#.########gg..##


You could see Robin (inner flame), a hobgoblin and a goblin (inner flame).

Vanquished Creatures
  An adder (D:2)
  An ooze (D:1)
  A worm (D:2)
  A leopard gecko (D:1)
  4 giant cockroaches
  7 goblins
  8 hobgoblins
  2 ball pythons
  4 bats
  3 frilled lizards
  5 kobolds
  2 rats
39 creatures vanquished.

Notes
Turn   | Place    | Note
-------+----------+-------------------------------------------
     0 | D:1      | Malachi the Demonspawn Necromancer began the quest for the Orb.
     0 | D:1      | Reached XP level 1. HP: 13/13 MP: 3/3
   570 | D:1      | Gained mutation: You are immune to rotting. [demonic ancestry]
   570 | D:1      | Reached XP level 2. HP: 19/19 MP: 5/5
  1752 | D:2      | Reached XP level 3. HP: 24/24 MP: 6/6
  1843 | D:1      | Learned a level 3 spell: Vampiric Draining
  2473 | D:2      | Noticed Robin
  2483 | D:2      | Reached skill level 5 in Necromancy
  2947 | D:2      | Killed from afar by a goblin

Skill      XL: |  1  2  3 |
---------------+----------+-----
Dodging        | 2 |  2.0
Stealth        | 2 |  2.2
Necromancy     | 5 |  5.0
Fighting       | |  0.2
Short Blades   | |  0.3
Spellcasting   | |  2.6

Action                   || total
-------------------------++-------
Melee: Short sword       ||    79
 Cast: Pain              ||    27
       Vampiric Draining ||     8
  Use: Potion            ||     3
       Scroll            ||     1
 Stab: Sleeping          ||     4
  Eat: Chunk             ||     7
Armor: Robe              ||    20
Dodge: Dodged            ||    76
